Flames vs Jets

Created - 6 avril 2018 at 08:14

Goals
1 2 3 T
Flames 0 3 4 7
Jets 1 2 2 5
Shots
1 2 3 T
Flames 2 18 22 42
Jets 5 15 11 31

1st period

1. Jets , Nathan MacKinnon 42 (Mark Pysyk 15) at 17:10

Penalties :
Victor Hedman (CAL) for High sticking (Double Minor) at 1:23

2nd period

2. Jets , Nathan MacKinnon 43 (Wayne Simmonds 45, Mark Pysyk 16) at 3:36
3. Jets , Nathan MacKinnon 44 (Wayne Simmonds 46) at 3:56
4. Flames , Drew Doughty 13 (Dennis Rasmussen 5, Victor Hedman 25) at 5:08
5. Flames , Jeff Carter 32 (Nick Holden 16, Sam Reinhart 45) at 13:02
6. Flames , Anders Lee 25 (Jeff Carter 46, Sam Reinhart 46) at 18:48

Penalties :
Wayne Simmonds (WIN) for Tripping (Minor) at 10:05, Josh Gorges (WIN) for Holding (Minor) at 14:41

3rd period

7. Jets , Duncan Keith 6 (Jacob Josefson 11, Josh Gorges 19) at 1:08
8. Flames , Henrik Sedin 23 (David Perron 34, David Savard 16) at 2:27
9. Jets , Jimmy Vesey 9 (Mark Pysyk 17, Josh Manson 21) at 6:07
10. Flames , Sam Reinhart 21 (Jeff Carter 47) at 10:54 (PP)
11. Flames , Michael Frolik 17 (Victor Rask 23) at 17:20
12. Flames , Victor Rask 17 (Patrick Sharp 8, Michael Frolik 21) at 18:42

Penalties :
Brett Ritchie (WIN) for Unsportsmanlike conduct (Minor) at 10:53

Goalie Stats

Carey Price (CAL), 26 saves from 31 shots - (0,839), W, 39-9-6, 60:00 minutes
Anton Forsberg (WIN), 35 saves from 42 shots - (0,833), L, 10-7-4, 60:00 minutes

Players Stats for Flames

Player Name              G  A  P  +/- PIM S  H  SB GA TA FO     MP     PP MP  PK MP  
------------------------------------------------------------------------------------
Anders Lee               1  0  1   1  0   5  6  2  1  0  0/1    20:25   2:07   0:53 
Andrej Sustr             0  0  0   3  0   1  0  2  0  0  0/0    16:36   0:00   2:27 
Brad Richardson          0  0  0   1  0   1  1  0  0  0  1/2     9:09   0:00   1:31 
David Perron             0  1  1  -1  0   3  1  0  1  1  1/2    17:35   1:52   1:09 
David Savard             0  1  1  -1  0   1  0  0  1  0  0/0    20:20   2:19   2:27 
Dennis Rasmussen         0  1  1   1  0   0  2  0  0  0  0/0     8:34   0:00   1:31 
Drew Doughty             1  0  1  -1  0   2  3  2  0  2  0/0    24:13   1:40   1:16 
Henrik Sedin             1  0  1  -1  0   6  0  0  1  0  13/23  16:33   1:52   0:00 
Jeff Carter              1  2  3   1  0   4  1  2  3  0  14/24  19:04   2:07   0:00 
Kevan Miller             0  0  0   3  0   1  5  0  0  0  0/0    16:15   0:00   1:32 
Michael Frolik           1  1  2   0  0   3  0  0  0  0  0/0    14:58   0:00   1:31 
Nick Bjugstad            0  0  0   1  0   0  0  0  1  0  0/0     6:51   0:00   0:00 
Nick Holden              0  1  1  -1  0   1  2  1  0  1  0/0    18:56   2:19   0:16 
Patrick Eaves            0  0  0  -1  0   6  0  0  0  0  1/1    16:36   1:52   0:03 
Patrick Sharp            0  1  1   0  0   1  1  0  0  1  0/0    14:39   0:00   1:20 
Sam Reinhart             1  2  3   1  0   3  0  0  0  0  1/1    18:58   2:07   0:00 
Victor Hedman            0  1  1  -1  4   2  3  0  0  0  0/0    22:59   1:40   0:00 
Victor Rask              1  1  2   0  0   2  0  0  1  1  7/11   13:19   0:00   0:00 

Players Stats for Jets

Player Name              G  A  P  +/- PIM S  H  SB GA TA FO     MP     PP MP  PK MP  
------------------------------------------------------------------------------------
Brett Ritchie            0  0  0  -2  2   0  1  0  0  0  0/0    12:00   0:00   0:42 
Colton Sissons           0  0  0  -2  0   0  1  0  0  0  3/11   11:46   1:17   0:00 
Duncan Keith             1  0  1  -1  0   8  3  4  2  3  0/0    24:41   1:30   2:04 
Eric Fehr                0  0  0   0  0   0  1  1  0  0  6/14   15:55   1:37   0:00 
Frederick Gaudreau       0  0  0  -1  0   0  2  2  1  0  3/5    10:46   1:04   2:30 
Jacob Josefson           0  1  1  -2  0   1  0  0  0  0  0/0    14:32   1:37   2:23 
Jay McClement            0  0  0  -1  0   1  1  0  1  0  0/4     8:31   1:09   0:54 
Jimmy Vesey              1  0  1   0  0   4  1  0  1  0  0/2    15:50   0:57   0:35 
Josh Gorges              0  1  1  -1  2   1  1  0  0  1  0/0    22:31   0:32   1:09 
Josh Manson              0  1  1   2  0   0  1  0  0  0  0/0    15:31   1:49   1:37 
Joshua Morrissey         0  0  0  -2  0   2  2  1  0  2  0/0    21:45   1:49   0:49 
Marian Hossa             0  0  0   2  0   0  2  2  0  1  0/1    20:54   0:51   0:00 
Mark Pysyk               0  3  3   2  0   0  1  1  0  0  0/0    16:49   1:38   0:00 
Nathan MacKinnon         3  0  3   2  0   7  2  3  0  0  14/27  20:57   0:54   0:00 
Travis Hamonic           0  0  0  -2  0   0  0  0  0  0  0/0    18:46   0:40   2:19 
Troy Brouwer             0  0  0   0  0   1  2  0  1  2  1/1    16:50   1:38   0:54 
Wayne Simmonds           0  2  2   2  2   6  3  0  0  0  0/0    20:58   0:53   0:00 
William Carrier          0  0  0  -1  0   0  2  0  0  0  0/0     6:56   0:00   0:00 

3 Stars

1 - Nathan MacKinnon (WIN)
2 - Jeff Carter (CAL)
3 - Sam Reinhart (CAL)

Power Play

Flames - 1 on 3 Attempt(s) - 33,33%
Jets - 0 on 2 Attempt(s) - 0,00%

Penalty Kill

Flames - 2 on 2 Attempt(s) - 100,00% - Score 0 goal in Penalty Kill
Jets - 2 on 3 Attempt(s) - 66,67% - Score 0 goal in Penalty Kill

Team Stat

Flames - Hits : 25 - Faceoff Wins : 38 - Blocked Shots : 9 - Penalty Minutes : 4
Jets - Hits : 26 - Faceoff Wins : 27 - Blocked Shots : 14 - Penalty Minutes : 6

Official

Referees : Eric Furlatt and Justin StPierre
Linesman : Derek Nansen and John Grandt

Game Notes

Nathan MacKinnon has scored a Hat Trick!

Finance

Level 1 -- Attendance: 5641 (94,02%) -- Ticket Income 507 690 $
Level 2 -- Attendance: 5000 (100,00%) -- Ticket Income 275 000 $
Level 3 -- Attendance: 1543 (77,15%) -- Ticket Income 61 720 $
Level 4 -- Attendance: 4000 (100,00%) -- Ticket Income 88 000 $
Luxury Box -- Attendance: 752 (75,20%) -- Ticket Income 150 400 $
Game was played at the No Name Arena.
Total Attendance: 16936 (94,09%)
Total Ticket Income: 1 082 810 $
Other Income: 530 577 $
Total Income: 1 613 387 $

Flames

5 vs 5 Forward 
   Center                   Left Wing                Right Wing               Time % Phy DF OF 
 1 Jeff Carter              Anders Lee               Sam Reinhart             35     0   1  4  
 2 Henrik Sedin             Patrick Eaves            David Perron             31     0   2  3  
 3 Victor Rask              Patrick Sharp            Michael Frolik           27     0   2  3  
 4 Brad Richardson          Dennis Rasmussen         Nick Bjugstad            7      1   3  1  

5 vs 5 Defense 
   Defense                  Defense                                           Time % Phy DF OF 
 1 Drew Doughty             Victor Hedman                                     38     0   3  2  
 2 David Savard             Nick Holden                                       30     0   3  2  
 3 Kevan Miller             Andrej Sustr                                      27     0   4  1  
 4 Drew Doughty             Victor Hedman                                     5      0   2  3  

PowerPlay Forward 
   Center                   Left Wing                Right Wing               Time % Phy DF OF 
 1 Jeff Carter              Anders Lee               Sam Reinhart             60     0   0  5  
 2 Henrik Sedin             Patrick Eaves            David Perron             40     0   0  5  

PowerPlay Defense
   Defense                  Defense                                           Time % Phy DF OF 
 1 Victor Hedman            Drew Doughty                                      65     0   1  4  
 2 Nick Holden              David Savard                                      35     0   1  4  

Penalty Kill 4 Players Forward 
   Center                   Wing                     Time % Phy DF OF 
 1 Brad Richardson          Michael Frolik           60     0   4  1  
 2 Dennis Rasmussen         Patrick Sharp            40     0   4  1  

Penalty Kill 4 Players Defense
   Defense                  Defense                  Time % Phy DF OF 
 1 David Savard             Andrej Sustr             60     1   4  0  
 2 Kevan Miller             Drew Doughty             40     1   4  0  

Penalty Kill - 3 Players Forward 
   Forward                                           Time % Phy DF OF 
 1 Brad Richardson                                   60     0   5  0  
 2 Michael Frolik                                    40     0   5  0  

Penalty Kill - 3 Players Defense
   Defense                  Defense                  Time % Phy DF OF 
 1 Andrej Sustr             David Savard             60     0   5  0  
 2 Nick Holden              Kevan Miller             40     0   5  0  

4 vs 4 Forward 
   Center                   Wing                     Time % Phy DF OF 
 1 Jeff Carter              Anders Lee               60     0   1  4  
 2 Victor Rask              Michael Frolik           40     0   1  4  

4 vs 4 Defense
   Defense                  Defense                  Time % Phy DF OF 
 1 Drew Doughty             Victor Hedman            60     0   3  2  
 2 Nick Holden              David Savard             40     0   3  2  

Last Minutes Offensive
   Center                   Left Wing                Right Wing               Defense                  Defense                  
   Jeff Carter              Anders Lee               Patrick Eaves            Drew Doughty             Victor Hedman            

Last Minutes Defensive
   Center                   Left Wing                Right Wing               Defense                  Defense                  
   Brad Richardson          David Perron             Michael Frolik           Drew Doughty             David Savard             

Goaltenders
Starting : Carey Price              
Backup : Curtis McElhinney        

Extra Forwards
Normal : Jeff Carter, David Perron, Anders Lee - PP : Henrik Sedin, Victor Rask - PK : David Perron
Extra Defensemen
Normal : Drew Doughty, David Savard, Victor Hedman - PP : Andrej Sustr - PK : Nick Holden, Victor Hedman
Penalty Shots
David Perron, Sam Reinhart, Patrick Eaves, Nick Bjugstad, Patrick Sharp
Custom OT Lines Forwards
Jeff Carter, Anders Lee, Sam Reinhart, Michael Frolik, Victor Rask, David Perron, Patrick Eaves, Brad Richardson, Patrick Sharp, Nick Bjugstad
Custom OT Lines Defensemen
Drew Doughty, Victor Hedman, Nick Holden, Andrej Sustr, Kevan Miller

Scratches
Pavel Zacha (Healthy), Brandon Manning (Healthy)

Jets

5 vs 5 Forward 
   Center                   Left Wing                Right Wing               Time % Phy DF OF 
 1 Nathan MacKinnon         Wayne Simmonds           Marian Hossa             40     1   2  2  
 2 Eric Fehr                Jimmy Vesey              Troy Brouwer             30     1   2  2  
 3 Colton Sissons           Jacob Josefson           Brett Ritchie            20     1   2  2  
 4 Jay McClement            William Carrier          Frederick Gaudreau       10     1   2  2  

5 vs 5 Defense 
   Defense                  Defense                                           Time % Phy DF OF 
 1 Duncan Keith             Josh Gorges                                       40     1   2  2  
 2 Joshua Morrissey         Travis Hamonic                                    30     1   2  2  
 3 Josh Manson              Mark Pysyk                                        20     1   2  2  
 4 Joshua Morrissey         Mark Pysyk                                        10     1   2  2  

PowerPlay Forward 
   Center                   Left Wing                Right Wing               Time % Phy DF OF 
 1 Nathan MacKinnon         Wayne Simmonds           Marian Hossa             60     1   2  2  
 2 Eric Fehr                Jacob Josefson           Troy Brouwer             40     1   2  2  

PowerPlay Defense
   Defense                  Defense                                           Time % Phy DF OF 
 1 Duncan Keith             Mark Pysyk                                        60     1   2  2  
 2 Joshua Morrissey         Josh Manson                                       40     1   2  2  

Penalty Kill 4 Players Forward 
   Center                   Wing                     Time % Phy DF OF 
 1 Frederick Gaudreau       Jacob Josefson           60     1   2  2  
 2 Jay McClement            Troy Brouwer             40     1   2  2  

Penalty Kill 4 Players Defense
   Defense                  Defense                  Time % Phy DF OF 
 1 Travis Hamonic           Josh Gorges              60     1   2  2  
 2 Josh Manson              Duncan Keith             40     1   2  2  

Penalty Kill - 3 Players Forward 
   Forward                                           Time % Phy DF OF 
 1 Jay McClement                                     60     1   2  2  
 2 Colton Sissons                                    40     1   2  2  

Penalty Kill - 3 Players Defense
   Defense                  Defense                  Time % Phy DF OF 
 1 Josh Manson              Mark Pysyk               60     1   2  2  
 2 Travis Hamonic           Josh Gorges              40     1   2  2  

4 vs 4 Forward 
   Center                   Wing                     Time % Phy DF OF 
 1 Nathan MacKinnon         Wayne Simmonds           60     1   2  2  
 2 Marian Hossa             Troy Brouwer             40     1   2  2  

4 vs 4 Defense
   Defense                  Defense                  Time % Phy DF OF 
 1 Travis Hamonic           Josh Manson              60     1   2  2  
 2 Joshua Morrissey         Mark Pysyk               40     1   2  2  

Last Minutes Offensive
   Center                   Left Wing                Right Wing               Defense                  Defense                  
   Nathan MacKinnon         Wayne Simmonds           Marian Hossa             Duncan Keith             Joshua Morrissey         

Last Minutes Defensive
   Center                   Left Wing                Right Wing               Defense                  Defense                  
   Jay McClement            Jacob Josefson           Marian Hossa             Josh Gorges              Travis Hamonic           

Goaltenders
Starting : Anton Forsberg           
Backup : Craig Anderson           

Extra Forwards
Normal : Frederick Gaudreau, Jay McClement, Brett Ritchie - PP : Frederick Gaudreau, Jay McClement - PK : Brett Ritchie
Extra Defensemen
Normal : Duncan Keith, Travis Hamonic, Joshua Morrissey - PP : Travis Hamonic - PK : Duncan Keith, Joshua Morrissey
Penalty Shots
Nathan MacKinnon, Wayne Simmonds, Marian Hossa, Troy Brouwer, Eric Fehr
Custom OT Lines Forwards
Nathan MacKinnon, Wayne Simmonds, Marian Hossa, Troy Brouwer, Eric Fehr, Jay McClement, Jacob Josefson, Brett Ritchie, Colton Sissons, Jimmy Vesey
Custom OT Lines Defensemen
Josh Manson, Mark Pysyk, Joshua Morrissey, Travis Hamonic, Duncan Keith

Scratches
Alex Galchenyuk (Sports Hernia Injury), Nate Prosser (Healthy), Nathan Paetsch (Healthy), Ondrej Pavelec (Healthy)

% Time on Ice - Flames

Lines # - Real PCT - Wanted PCT - Time Play
Normal Forward
1 - 33% - 35% - 17:11
2 - 28% - 31% - 14:41
3 - 26% - 27% - 13:19
4 - 13% - 7% - 6:51
Normal Defense
1 - 40% - 38% - 20:35
2 - 31% - 30% - 16:07
3 - 27% - 27% - 13:55
4 - 3% - 5% - 1:25
PP Forward
1 - 53% - 60% - 2:07
2 - 47% - 40% - 1:52
PP Defense
1 - 42% - 65% - 1:40
2 - 58% - 35% - 2:19
PK Forward
1 - 60% - 60% - 2:24
2 - 40% - 40% - 1:35
PK Defense
1 - 68% - 60% - 2:43
2 - 32% - 40% - 1:16
PK3 Forward
1 - 0% - 60%
2 - 0% - 40%
PK3 Defense
1 - 0% - 60%
2 - 0% - 40%
44 Forward
1 - 0% - 60%
2 - 0% - 40%
44 Defense
1 - 0% - 60%
2 - 0% - 40%
Last Minute Offensive  - 0:00
Last Minute Defensive  - 0:00
Total
Forward - 60:00
Defense - 60:00

% Time on Ice - Jets

Lines # - Real PCT - Wanted PCT - Time Play
Normal Forward
1 - 39% - 40% - 20:19
2 - 27% - 30% - 14:18
3 - 20% - 20% - 10:29
4 - 13% - 10% - 6:56
Normal Defense
1 - 41% - 40% - 21:25
2 - 30% - 30% - 15:39
3 - 19% - 20% - 10:08
4 - 9% - 10% - 4:50
PP Forward
1 - 54% - 60% - 2:08
2 - 46% - 40% - 1:51
PP Defense
1 - 54% - 60% - 2:10
2 - 46% - 40% - 1:49
PK Forward
1 - 77% - 60% - 3:05
2 - 23% - 40% - 0:54
PK Defense
1 - 79% - 60% - 3:08
2 - 21% - 40% - 0:51
PK3 Forward
1 - 0% - 60%
2 - 0% - 40%
PK3 Defense
1 - 0% - 60%
2 - 0% - 40%
44 Forward
1 - 0% - 60%
2 - 0% - 40%
44 Defense
1 - 0% - 60%
2 - 0% - 40%
Last Minute Offensive  - 0:00
Last Minute Defensive  - 0:00
Total
Forward - 60:00
Defense - 60:00

Play by Play

1st period


0:01 of 1st period - Jeff Carter wins face-off versus Marian Hossa in neutral zone.
0:08 of 1st period - Snap shot by Anders Lee.
0:08 of 1st period - Stopped by Anton Forsberg without a rebound.
0:09 of 1st period - Jeff Carter wins face-off versus Nathan MacKinnon in Jets zone.
0:14 of 1st period - Snap shot by Sam Reinhart.
0:14 of 1st period - Shot Blocked by Nathan MacKinnon.
0:26 of 1st period - Snap shot by Anders Lee.
0:26 of 1st period - Stopped by Anton Forsberg with a rebound.
0:42 of 1st period - Snap shot by Nathan MacKinnon.
0:42 of 1st period - Shot Misses the Net.
0:44 of 1st period - Snap shot by Nathan MacKinnon.
0:44 of 1st period - Shot Blocked by Jeff Carter.
0:46 of 1st period - Backhand shot by Duncan Keith.
0:46 of 1st period - Stopped by Carey Price with a rebound.
0:48 of 1st period - Snap shot by Nathan MacKinnon.
0:48 of 1st period - Shot Blocked by Jeff Carter.
1:12 of 1st period - Marian Hossa is hit by Anders Lee.
1:16 of 1st period - Slapshot by Wayne Simmonds.
1:16 of 1st period - Shot Blocked by Anders Lee.
1:18 of 1st period - Wrist shot by Nathan MacKinnon.
1:18 of 1st period - Stopped by Carey Price with a rebound.
1:23 of 1st period - Double Minor Penalty to Victor Hedman for High sticking.
1:24 of 1st period - Troy Brouwer wins face-off versus Brad Richardson in Flames zone.
2:33 of 1st period - David Savard is hit by Marian Hossa and loses puck.
2:44 of 1st period - Colton Sissons is hit by Dennis Rasmussen and loses puck.
2:57 of 1st period - Mark Pysyk is hit by Kevan Miller and loses puck.
3:38 of 1st period - Jay McClement is hit by Drew Doughty and loses puck.
5:18 of 1st period - Jacob Josefson is hit by Anders Lee and loses puck.
5:23 of 1st period - Penalty to Victor Hedman is over, Victor Hedman is back on ice.
5:27 of 1st period - Kevan Miller is hit by Mark Pysyk and loses puck.
5:42 of 1st period - Duncan Keith is hit by Kevan Miller and loses puck.
6:26 of 1st period - Victor Hedman is hit by Troy Brouwer and loses puck.
7:29 of 1st period - Josh Manson is hit by Drew Doughty.
7:59 of 1st period - Colton Sissons is hit by Brad Richardson and loses puck.
8:29 of 1st period - David Savard is hit by Joshua Morrissey and loses puck.
9:01 of 1st period - Michael Frolik is hit by William Carrier and loses puck.
9:18 of 1st period - Joshua Morrissey is hit by Nick Holden and loses puck.
9:43 of 1st period - Drew Doughty is hit by Frederick Gaudreau and loses puck.
9:58 of 1st period - Nick Holden is hit by Brett Ritchie and loses puck.
11:39 of 1st period - Andrej Sustr is hit by Josh Gorges and loses puck.
11:59 of 1st period - Anders Lee is hit by Wayne Simmonds and loses puck.
12:20 of 1st period - Nick Holden is hit by William Carrier and loses puck.
12:41 of 1st period - Troy Brouwer is hit by Drew Doughty and loses puck.
13:36 of 1st period - Jimmy Vesey is hit by Anders Lee and loses puck.
13:51 of 1st period - Brett Ritchie is hit by Nick Holden and loses puck.
14:23 of 1st period - Frederick Gaudreau is hit by David Perron and loses puck.
14:46 of 1st period - David Perron is hit by Wayne Simmonds.
15:01 of 1st period - Victor Hedman is hit by Eric Fehr and loses puck.
15:28 of 1st period - Victor Hedman is hit by Colton Sissons and loses puck.
16:03 of 1st period - Brad Richardson is hit by Nathan MacKinnon and loses puck.
16:57 of 1st period - David Savard is hit by Frederick Gaudreau and loses puck.
17:10 of 1st period - Snap shot by Nathan MacKinnon.
17:10 of 1st period - Goal by Nathan MacKinnon - Flames : 0 - Jets : 1.
17:11 of 1st period - Nathan MacKinnon wins face-off versus Jeff Carter in neutral zone.
17:14 of 1st period - Snap shot by Wayne Simmonds.
17:14 of 1st period - Shot Blocked by Anders Lee.
17:24 of 1st period - Andrej Sustr is hit by Marian Hossa and loses puck.
17:43 of 1st period - Snap shot by Nathan MacKinnon.
17:43 of 1st period - Stopped by Carey Price without a rebound.
17:44 of 1st period - Victor Rask wins face-off versus Jimmy Vesey in Flames zone.
18:36 of 1st period - Wrist shot by Jimmy Vesey.
18:36 of 1st period - Shot Misses the Net.
18:38 of 1st period - Slapshot by Jimmy Vesey.
18:38 of 1st period - Stopped by Carey Price without a rebound.
18:39 of 1st period - Nathan MacKinnon wins face-off versus Henrik Sedin in Flames zone.
18:54 of 1st period - Wrist shot by Henrik Sedin.
18:54 of 1st period - Shot Misses the Net.
19:25 of 1st period - Slapshot by David Savard.
19:25 of 1st period - Shot Blocked by Frederick Gaudreau.
19:27 of 1st period - Snap shot by Nick Bjugstad.
19:27 of 1st period - Deflect By Dennis Rasmussen.
19:27 of 1st period - Shot Misses the Net.
19:27 of 1st period - Puck is out of play.
19:28 of 1st period - Henrik Sedin wins face-off versus Jay McClement in Jets zone.
Goals for this period are 0 for Flames vs 1 for Jets.
Shots for this period are 2 for Flames vs 5 for Jets.

2nd period


0:01 of 2nd period - Nathan MacKinnon wins face-off versus Henrik Sedin in neutral zone.
0:06 of 2nd period - Wrist shot by Nathan MacKinnon.
0:06 of 2nd period - Deflect By Henrik Sedin.
0:06 of 2nd period - Stopped by Carey Price with a rebound.
0:30 of 2nd period - Slapshot by Duncan Keith.
0:30 of 2nd period - Stopped by Carey Price without a rebound.
0:31 of 2nd period - Eric Fehr wins face-off versus Jeff Carter in Flames zone.
0:34 of 2nd period - Slapshot by Troy Brouwer.
0:34 of 2nd period - Stopped by Carey Price with a rebound.
0:40 of 2nd period - Slapshot by Duncan Keith.
0:40 of 2nd period - Stopped by Carey Price without a rebound.
0:41 of 2nd period - Nathan MacKinnon wins face-off versus Henrik Sedin in Flames zone.
0:42 of 2nd period - Wrist shot by Wayne Simmonds.
0:42 of 2nd period - Stopped by Carey Price with a rebound.
0:44 of 2nd period - Slapshot by Wayne Simmonds.
0:44 of 2nd period - Stopped by Carey Price without a rebound.
0:45 of 2nd period - Henrik Sedin wins face-off versus Nathan MacKinnon in Flames zone.
0:45 of 2nd period - Henrik Sedin is hit by Nathan MacKinnon.
1:03 of 2nd period - Wayne Simmonds is hit by Kevan Miller and loses puck.
1:16 of 2nd period - Wrist shot by Jeff Carter.
1:16 of 2nd period - Shot Misses the Net.
1:31 of 2nd period - Icing by Troy Brouwer.
1:32 of 2nd period - Eric Fehr wins face-off versus Victor Rask in Jets zone.
1:43 of 2nd period - Snap shot by Michael Frolik.
1:43 of 2nd period - Shot Misses the Net.
1:45 of 2nd period - Slapshot by Michael Frolik.
1:45 of 2nd period - Stopped by Anton Forsberg with a rebound.
1:47 of 2nd period - Snap shot by Michael Frolik.
1:47 of 2nd period - Shot Blocked by Joshua Morrissey.
2:27 of 2nd period - Snap shot by Henrik Sedin.
2:27 of 2nd period - Stopped by Anton Forsberg with a rebound.
2:58 of 2nd period - Wrist shot by Duncan Keith.
2:58 of 2nd period - Deflect By Dennis Rasmussen.
2:58 of 2nd period - Stopped by Carey Price without a rebound.
2:59 of 2nd period - Brad Richardson wins face-off versus Colton Sissons in Flames zone.
3:14 of 2nd period - Colton Sissons is hit by Kevan Miller and loses puck.
3:32 of 2nd period - Snap shot by Wayne Simmonds.
3:32 of 2nd period - Stopped by Carey Price with a rebound.
3:34 of 2nd period - Wrist shot by Nathan MacKinnon.
3:34 of 2nd period - Stopped by Carey Price with a rebound.
3:36 of 2nd period - Wrist shot by Nathan MacKinnon.
3:36 of 2nd period - Goal by Nathan MacKinnon - Flames : 0 - Jets : 2.
3:37 of 2nd period - Henrik Sedin wins face-off versus Nathan MacKinnon in neutral zone.
3:40 of 2nd period - Slapshot by Drew Doughty.
3:40 of 2nd period - Shot Misses the Net.
3:46 of 2nd period - Wrist shot by Nathan MacKinnon.
3:46 of 2nd period - Deflect By Henrik Sedin.
3:46 of 2nd period - Shot Blocked by Drew Doughty.
3:46 of 2nd period - Puck is out of play.
3:47 of 2nd period - Nathan MacKinnon wins face-off versus Henrik Sedin in Flames zone.
3:54 of 2nd period - Wrist shot by Wayne Simmonds.
3:54 of 2nd period - Shot Misses the Net.
3:56 of 2nd period - Wrist shot by Nathan MacKinnon.
3:56 of 2nd period - Goal by Nathan MacKinnon - Flames : 0 - Jets : 3.
3:57 of 2nd period - Nathan MacKinnon wins face-off versus Jeff Carter in neutral zone.
4:00 of 2nd period - Anders Lee is hit by Wayne Simmonds and loses puck.
4:47 of 2nd period - Colton Sissons is hit by Victor Hedman and loses puck.
5:08 of 2nd period - Slapshot by Drew Doughty.
5:08 of 2nd period - Goal by Drew Doughty - Flames : 1 - Jets : 3.
5:09 of 2nd period - Jeff Carter wins face-off versus Nathan MacKinnon in neutral zone.
5:24 of 2nd period - Wrist shot by Jeff Carter.
5:24 of 2nd period - Stopped by Anton Forsberg with a rebound.
5:41 of 2nd period - Snap shot by Henrik Sedin.
5:41 of 2nd period - Stopped by Anton Forsberg with a rebound.
5:43 of 2nd period - Slapshot by Kevan Miller.
5:43 of 2nd period - Stopped by Anton Forsberg with a rebound.
6:14 of 2nd period - Mark Pysyk is hit by Anders Lee and loses puck.
8:03 of 2nd period - Victor Rask is hit by Joshua Morrissey and loses puck.
8:16 of 2nd period - Henrik Sedin is hit by Jimmy Vesey and loses puck.
8:59 of 2nd period - Wrist shot by Nathan MacKinnon.
8:59 of 2nd period - Shot Misses the Net.
9:01 of 2nd period - Slapshot by Nathan MacKinnon.
9:01 of 2nd period - Shot Blocked by Nick Holden.
9:11 of 2nd period - Brad Richardson is hit by Duncan Keith and loses puck.
9:35 of 2nd period - Wrist shot by Andrej Sustr.
9:35 of 2nd period - Stopped by Anton Forsberg with a rebound.
9:41 of 2nd period - Jacob Josefson is hit by Dennis Rasmussen and loses puck.
10:00 of 2nd period - Wayne Simmonds is hit by Anders Lee.
10:05 of 2nd period - Minor Penalty to Wayne Simmonds for Tripping.
10:06 of 2nd period - Jeff Carter wins face-off versus Frederick Gaudreau in Jets zone.
10:11 of 2nd period - Snap shot by Anders Lee.
10:11 of 2nd period - Shot Blocked by Frederick Gaudreau.
10:34 of 2nd period - Off-side.
10:35 of 2nd period - Frederick Gaudreau wins face-off versus Henrik Sedin in neutral zone.
10:59 of 2nd period - Josh Gorges is hit by Jeff Carter and loses puck.
11:09 of 2nd period - Off-side.
11:10 of 2nd period - Henrik Sedin wins face-off versus Jay McClement in neutral zone.
11:43 of 2nd period - Slapshot by Henrik Sedin.
11:43 of 2nd period - Shot Blocked by Duncan Keith.
11:45 of 2nd period - Slapshot by David Savard.
11:45 of 2nd period - Shot Blocked by Duncan Keith.
11:47 of 2nd period - Slapshot by David Savard.
11:47 of 2nd period - Stopped by Anton Forsberg without a rebound.
11:48 of 2nd period - Frederick Gaudreau wins face-off versus Anders Lee in Jets zone.
12:05 of 2nd period - Penalty to Wayne Simmonds is over, Wayne Simmonds is back on ice.
12:40 of 2nd period - Wrist shot by Nick Bjugstad.
12:40 of 2nd period - Shot Misses the Net.
12:52 of 2nd period - Slapshot by Patrick Eaves.
12:52 of 2nd period - Shot Misses the Net.
12:54 of 2nd period - Snap shot by Henrik Sedin.
12:54 of 2nd period - Shot Blocked by Mark Pysyk.
12:56 of 2nd period - Slapshot by Nick Holden.
12:56 of 2nd period - Stopped by Anton Forsberg without a rebound.
12:57 of 2nd period - Jeff Carter wins face-off versus Colton Sissons in Jets zone.
13:00 of 2nd period - Slapshot by Sam Reinhart.
13:00 of 2nd period - Stopped by Anton Forsberg with a rebound.
13:02 of 2nd period - Slapshot by Nick Holden.
13:02 of 2nd period - Deflect By Jeff Carter.
13:02 of 2nd period - Goal by Jeff Carter - Flames : 2 - Jets : 3.
13:03 of 2nd period - Nathan MacKinnon wins face-off versus Jeff Carter in neutral zone.
13:12 of 2nd period - Snap shot by Wayne Simmonds.
13:12 of 2nd period - Stopped by Carey Price without a rebound.
13:13 of 2nd period - Jeff Carter wins face-off versus Nathan MacKinnon in Flames zone.
13:48 of 2nd period - Off-side.
13:49 of 2nd period - Patrick Eaves wins face-off versus Eric Fehr in neutral zone.
13:57 of 2nd period - Off-side.
13:58 of 2nd period - Eric Fehr wins face-off versus David Perron in neutral zone.
14:05 of 2nd period - Off-side.
14:06 of 2nd period - Henrik Sedin wins face-off versus Nathan MacKinnon in neutral zone.
14:11 of 2nd period - Snap shot by Patrick Eaves.
14:11 of 2nd period - Shot Misses the Net.
14:15 of 2nd period - Wrist shot by David Perron.
14:15 of 2nd period - Shot Misses the Net.
14:19 of 2nd period - Snap shot by Henrik Sedin.
14:19 of 2nd period - Stopped by Anton Forsberg without a rebound.
14:20 of 2nd period - Eric Fehr wins face-off versus Victor Rask in Jets zone.
14:41 of 2nd period - Minor Penalty to Josh Gorges for Holding.
14:42 of 2nd period - Frederick Gaudreau wins face-off versus Jeff Carter in Jets zone.
14:57 of 2nd period - Snap shot by Jacob Josefson.
14:57 of 2nd period - Stopped by Carey Price with a rebound.
15:07 of 2nd period - Frederick Gaudreau is hit by Victor Hedman and loses puck.
15:28 of 2nd period - Sam Reinhart is hit by Troy Brouwer and loses puck.
16:29 of 2nd period - Anders Lee is hit by Jay McClement and loses puck.
16:41 of 2nd period - Penalty to Josh Gorges is over, Josh Gorges is back on ice.
17:48 of 2nd period - Off-side.
17:49 of 2nd period - Henrik Sedin wins face-off versus Jay McClement in neutral zone.
17:58 of 2nd period - Slapshot by Duncan Keith.
17:58 of 2nd period - Stopped by Carey Price without a rebound.
17:59 of 2nd period - Jeff Carter wins face-off versus Nathan MacKinnon in Flames zone.
18:04 of 2nd period - Snap shot by Jeff Carter.
18:04 of 2nd period - Stopped by Anton Forsberg with a rebound.
18:06 of 2nd period - Snap shot by Sam Reinhart.
18:06 of 2nd period - Stopped by Anton Forsberg without a rebound.
18:07 of 2nd period - Jeff Carter wins face-off versus Nathan MacKinnon in Jets zone.
18:16 of 2nd period - Wrist shot by Anders Lee.
18:16 of 2nd period - Stopped by Anton Forsberg with a rebound.
18:48 of 2nd period - Wrist shot by Anders Lee.
18:48 of 2nd period - Goal by Anders Lee - Flames : 3 - Jets : 3.
18:49 of 2nd period - Henrik Sedin wins face-off versus Eric Fehr in neutral zone.
18:56 of 2nd period - Snap shot by David Perron.
18:56 of 2nd period - Stopped by Anton Forsberg with a rebound.
18:58 of 2nd period - Snap shot by Henrik Sedin.
18:58 of 2nd period - Shot Blocked by Eric Fehr.
19:00 of 2nd period - Wrist shot by David Perron.
19:00 of 2nd period - Shot Misses the Net.
19:02 of 2nd period - Wrist shot by Patrick Eaves.
19:02 of 2nd period - Stopped by Anton Forsberg with a rebound.
19:36 of 2nd period - Snap shot by Wayne Simmonds.
19:36 of 2nd period - Stopped by Carey Price without a rebound.
19:37 of 2nd period - Nathan MacKinnon wins face-off versus Jeff Carter in Flames zone.
Goals for this period are 3 for Flames vs 2 for Jets.
Shots for this period are 18 for Flames vs 15 for Jets.

3rd period


0:01 of 3rd period - Henrik Sedin wins face-off versus Eric Fehr in neutral zone.
0:40 of 3rd period - Sam Reinhart is hit by Duncan Keith and loses puck.
1:08 of 3rd period - Slapshot by Duncan Keith.
1:08 of 3rd period - Goal by Duncan Keith - Flames : 3 - Jets : 4.
1:09 of 3rd period - Henrik Sedin wins face-off versus Jimmy Vesey in neutral zone.
1:14 of 3rd period - Slapshot by Patrick Eaves.
1:14 of 3rd period - Stopped by Anton Forsberg with a rebound.
1:34 of 3rd period - Joshua Morrissey is hit by Patrick Sharp and loses puck.
1:47 of 3rd period - Wrist shot by Victor Rask.
1:47 of 3rd period - Shot Misses the Net.
2:09 of 3rd period - Snap shot by Brad Richardson.
2:09 of 3rd period - Stopped by Anton Forsberg with a rebound.
2:25 of 3rd period - Snap shot by Henrik Sedin.
2:25 of 3rd period - Stopped by Anton Forsberg with a rebound.
2:27 of 3rd period - Snap shot by Henrik Sedin.
2:27 of 3rd period - Goal by Henrik Sedin - Flames : 4 - Jets : 4.
2:28 of 3rd period - Nathan MacKinnon wins face-off versus Henrik Sedin in neutral zone.
2:31 of 3rd period - Snap shot by Josh Manson.
2:31 of 3rd period - Shot Blocked by Drew Doughty.
3:05 of 3rd period - Jacob Josefson is hit by Anders Lee and loses puck.
3:16 of 3rd period - Frederick Gaudreau is hit by Kevan Miller and loses puck.
3:21 of 3rd period - Slapshot by Michael Frolik.
3:21 of 3rd period - Stopped by Anton Forsberg without a rebound.
3:22 of 3rd period - Henrik Sedin wins face-off versus Nathan MacKinnon in Jets zone.
3:23 of 3rd period - Snap shot by Patrick Eaves.
3:23 of 3rd period - Stopped by Anton Forsberg with a rebound.
3:25 of 3rd period - Snap shot by Andrej Sustr.
3:25 of 3rd period - Shot Misses the Net.
3:27 of 3rd period - Slapshot by Andrej Sustr.
3:27 of 3rd period - Deflect By Patrick Eaves.
3:27 of 3rd period - Stopped by Anton Forsberg with a rebound.
3:29 of 3rd period - Snap shot by David Perron.
3:29 of 3rd period - Shot Misses the Net.
3:31 of 3rd period - Snap shot by David Perron.
3:31 of 3rd period - Shot Blocked by Duncan Keith.
3:33 of 3rd period - Wrist shot by Patrick Eaves.
3:33 of 3rd period - Stopped by Anton Forsberg without a rebound.
3:34 of 3rd period - Nathan MacKinnon wins face-off versus Jeff Carter in Jets zone.
3:48 of 3rd period - Icing by Josh Gorges.
3:49 of 3rd period - David Perron wins face-off versus Nathan MacKinnon in Jets zone.
4:13 of 3rd period - Off-side.
4:14 of 3rd period - Jeff Carter wins face-off versus Eric Fehr in neutral zone.
5:26 of 3rd period - Snap shot by Jay McClement.
5:26 of 3rd period - Shot Misses the Net.
6:05 of 3rd period - Backhand shot by Jimmy Vesey.
6:05 of 3rd period - Stopped by Carey Price with a rebound.
6:07 of 3rd period - Wrist shot by Jimmy Vesey.
6:07 of 3rd period - Goal by Jimmy Vesey - Flames : 4 - Jets : 5.
6:08 of 3rd period - Nathan MacKinnon wins face-off versus Henrik Sedin in neutral zone.
6:58 of 3rd period - Slapshot by William Carrier.
6:58 of 3rd period - Shot Blocked by Andrej Sustr.
7:06 of 3rd period - Slapshot by Jay McClement.
7:06 of 3rd period - Shot Misses the Net.
7:22 of 3rd period - Slapshot by Drew Doughty.
7:22 of 3rd period - Stopped by Anton Forsberg without a rebound.
7:23 of 3rd period - Jeff Carter wins face-off versus Colton Sissons in Jets zone.
7:38 of 3rd period - Slapshot by Josh Gorges.
7:38 of 3rd period - Shot Misses the Net.
8:11 of 3rd period - Wrist shot by Michael Frolik.
8:11 of 3rd period - Deflect By Jimmy Vesey.
8:11 of 3rd period - Shot Misses the Net.
8:11 of 3rd period - Puck is out of play.
8:12 of 3rd period - Victor Rask wins face-off versus Eric Fehr in Jets zone.
8:46 of 3rd period - Wrist shot by Victor Rask.
8:46 of 3rd period - Shot Misses the Net.
8:48 of 3rd period - Backhand shot by Patrick Sharp.
8:48 of 3rd period - Shot Misses the Net.
8:50 of 3rd period - Slapshot by Victor Hedman.
8:50 of 3rd period - Shot Misses the Net.
8:52 of 3rd period - Snap shot by Patrick Sharp.
8:52 of 3rd period - Stopped by Anton Forsberg without a rebound.
8:53 of 3rd period - Nathan MacKinnon wins face-off versus Jeff Carter in Jets zone.
9:00 of 3rd period - Snap shot by Wayne Simmonds.
9:00 of 3rd period - Deflect By Nathan MacKinnon.
9:00 of 3rd period - Shot Misses the Net.
9:00 of 3rd period - Puck is out of play.
9:01 of 3rd period - Jeff Carter wins face-off versus Nathan MacKinnon in Flames zone.
9:30 of 3rd period - Snap shot by Wayne Simmonds.
9:30 of 3rd period - Stopped by Carey Price without a rebound.
9:31 of 3rd period - Eric Fehr wins face-off versus Henrik Sedin in Flames zone.
9:40 of 3rd period - Wrist shot by Jimmy Vesey.
9:40 of 3rd period - Stopped by Carey Price with a rebound.
9:42 of 3rd period - Slapshot by Josh Gorges.
9:42 of 3rd period - Stopped by Carey Price with a rebound.
9:49 of 3rd period - Icing by Victor Hedman.
9:50 of 3rd period - Nathan MacKinnon wins face-off versus Henrik Sedin in Flames zone.
9:57 of 3rd period - Wrist shot by Wayne Simmonds.
9:57 of 3rd period - Shot Misses the Net.
10:12 of 3rd period - Snap shot by David Perron.
10:12 of 3rd period - Shot Misses the Net.
10:16 of 3rd period - Slapshot by David Perron.
10:16 of 3rd period - Shot Misses the Net.
10:18 of 3rd period - Slapshot by Victor Hedman.
10:18 of 3rd period - Stopped by Anton Forsberg with a rebound.
10:20 of 3rd period - Snap shot by Henrik Sedin.
10:20 of 3rd period - Shot Blocked by Nathan MacKinnon.
10:22 of 3rd period - Slapshot by Victor Hedman.
10:22 of 3rd period - Deflect By Nathan MacKinnon.
10:22 of 3rd period - Stopped by Anton Forsberg with a rebound.
10:24 of 3rd period - Snap shot by Henrik Sedin.
10:24 of 3rd period - Stopped by Anton Forsberg with a rebound.
10:26 of 3rd period - Slapshot by Patrick Eaves.
10:26 of 3rd period - Stopped by Anton Forsberg with a rebound.
10:28 of 3rd period - Slapshot by David Perron.
10:28 of 3rd period - Shot Hit the Post.
10:30 of 3rd period - Slapshot by David Perron.
10:30 of 3rd period - Shot Blocked by Marian Hossa.
10:32 of 3rd period - Backhand shot by David Perron.
10:32 of 3rd period - Stopped by Anton Forsberg without a rebound.
10:33 of 3rd period - Jeff Carter wins face-off versus Eric Fehr in Jets zone.
10:46 of 3rd period - Wrist shot by Sam Reinhart.
10:46 of 3rd period - Deflect By Jeff Carter.
10:46 of 3rd period - Deflect By Duncan Keith.
10:46 of 3rd period - Shot Misses the Net.
10:46 of 3rd period - Puck is out of play.
10:47 of 3rd period - Victor Rask wins face-off versus Colton Sissons in Jets zone.
10:53 of 3rd period - Minor Penalty to Brett Ritchie for Unsportsmanlike conduct.
10:54 of 3rd period - Jeff Carter wins face-off versus Frederick Gaudreau in Jets zone.
10:54 of 3rd period - Wrist shot by Sam Reinhart.
10:54 of 3rd period - Goal by Sam Reinhart - Flames : 5 - Jets : 5.
10:55 of 3rd period - Sam Reinhart wins face-off versus Nathan MacKinnon in neutral zone.
11:06 of 3rd period - Snap shot by Anders Lee.
11:06 of 3rd period - Stopped by Anton Forsberg without a rebound.
11:07 of 3rd period - Jeff Carter wins face-off versus Nathan MacKinnon in Jets zone.
11:16 of 3rd period - Slapshot by Jeff Carter.
11:16 of 3rd period - Shot Misses the Net.
11:18 of 3rd period - Wrist shot by David Savard.
11:18 of 3rd period - Shot Blocked by Nathan MacKinnon.
11:22 of 3rd period - Slapshot by Jeff Carter.
11:22 of 3rd period - Stopped by Anton Forsberg without a rebound.
11:23 of 3rd period - Henrik Sedin wins face-off versus Eric Fehr in Jets zone.
12:25 of 3rd period - Icing by Duncan Keith.
12:26 of 3rd period - Henrik Sedin wins face-off versus Jay McClement in Jets zone.
12:33 of 3rd period - Snap shot by Henrik Sedin.
12:33 of 3rd period - Shot Misses the Net.
12:47 of 3rd period - Slapshot by Jay McClement.
12:47 of 3rd period - Stopped by Carey Price with a rebound.
13:33 of 3rd period - Slapshot by Troy Brouwer.
13:33 of 3rd period - Shot Misses the Net.
13:35 of 3rd period - Slapshot by Duncan Keith.
13:35 of 3rd period - Deflect By David Perron.
13:35 of 3rd period - Stopped by Carey Price with a rebound.
13:37 of 3rd period - Slapshot by Duncan Keith.
13:37 of 3rd period - Shot Misses the Net.
13:39 of 3rd period - Slapshot by Duncan Keith.
13:39 of 3rd period - Stopped by Carey Price without a rebound.
13:40 of 3rd period - Nathan MacKinnon wins face-off versus Jeff Carter in Flames zone.
13:47 of 3rd period - Wrist shot by Nathan MacKinnon.
13:47 of 3rd period - Shot Blocked by Andrej Sustr.
14:37 of 3rd period - Icing by Jacob Josefson.
14:38 of 3rd period - Colton Sissons wins face-off versus Jeff Carter in Jets zone.
15:24 of 3rd period - Wrist shot by Joshua Morrissey.
15:24 of 3rd period - Stopped by Carey Price without a rebound.
15:25 of 3rd period - Eric Fehr wins face-off versus Henrik Sedin in Flames zone.
16:03 of 3rd period - Patrick Sharp is hit by Duncan Keith and loses puck.
16:34 of 3rd period - Patrick Eaves is hit by Josh Manson and loses puck.
17:03 of 3rd period - Slapshot by Nick Bjugstad.
17:03 of 3rd period - Shot Blocked by Duncan Keith.
17:05 of 3rd period - Wrist shot by Brad Richardson.
17:05 of 3rd period - Shot Blocked by Marian Hossa.
17:16 of 3rd period - Icing by Nathan MacKinnon.
17:17 of 3rd period - Colton Sissons wins face-off versus Victor Rask in Jets zone.
17:20 of 3rd period - Snap shot by Michael Frolik.
17:20 of 3rd period - Goal by Michael Frolik - Flames : 6 - Jets : 5.
17:21 of 3rd period - Victor Rask wins face-off versus Colton Sissons in neutral zone.
18:10 of 3rd period - Off-side.
18:11 of 3rd period - Henrik Sedin wins face-off versus Eric Fehr in neutral zone.
18:24 of 3rd period - Snap shot by David Perron.
18:24 of 3rd period - Stopped by Anton Forsberg without a rebound.
18:25 of 3rd period - Colton Sissons wins face-off versus Victor Rask in Jets zone.
18:30 of 3rd period - Wrist shot by Colton Sissons.
18:30 of 3rd period - Shot Misses the Net.
18:32 of 3rd period - Wrist shot by Brett Ritchie.
18:32 of 3rd period - Shot Misses the Net.
18:34 of 3rd period - Slapshot by Joshua Morrissey.
18:34 of 3rd period - Stopped by Carey Price without a rebound.
18:35 of 3rd period - Victor Rask wins face-off versus Colton Sissons in Flames zone.
18:42 of 3rd period - Snap shot by Victor Rask.
18:42 of 3rd period - Goal by Victor Rask - Flames : 7 - Jets : 5.
18:43 of 3rd period - Victor Rask wins face-off versus Colton Sissons in neutral zone.
18:53 of 3rd period - Off-side.
18:54 of 3rd period - Victor Rask wins face-off versus Colton Sissons in neutral zone.
19:03 of 3rd period - Snap shot by Victor Rask.
19:03 of 3rd period - Stopped by Anton Forsberg with a rebound.
19:24 of 3rd period - Josh Manson is hit by Victor Hedman and loses puck.
Goals for this period are 4 for Flames vs 2 for Jets.
Shots for this period are 22 for Flames vs 11 for Jets.